 Dungeon Crawl Stone Soup version 0.20.0-6-gd3061e9 (webtiles) character file.

102 xgamer67 the Poker (level 4, -10/38 HPs)
             Began as a Centaur Chaos Knight on May 28, 2017.
             Mangled by a small abomination (17 damage)
             ... summoned by the capriciousness of Xom
             ... on level 3 of the Dungeon.
             The game lasted 00:04:40 (1875 turns).

xgamer67 the Poker (Centaur Chaos Knight)           Turns: 1875, Time: 00:04:41

Health: -10/38     AC:  6    Str: 10 (13) XL:     4   Next: 49%
Magic:  4/4        EV:  9    Int:  9 (11) God:    Xom [.*....]
Gold:   115        SH:  0    Dex:  7 (9)  Spells: 3/3 levels left

rFire    . . .     SeeInvis .   a - +0 spear (chaos)
rCold    . . .     Gourm    .   (no shield)
rNeg     . . .     Faith    .   b - +2 leather armour
rPois    .         Spirit   .   (no helmet)
rElec    .         Reflect  .   (no cloak)
rCorr    .         Harm     .   (no gloves)
MR       .....                  (no barding)
Stlth    ..........             (no amulet)
Regen    0.2/turn               (no ring)
MPRegen  0.1/turn               (no ring)

@: very quick
A: hooves 3, deformed body, speed 2, tough skin 3, weak 1
a: Renounce Religion


You were on level 3 of the Dungeon.
You worshipped Xom.
You were a plaything of Xom.
You were not hungry.

You visited 1 branch of the dungeon, and saw 3 of its levels.

You collected 115 gold pieces.

Inventory:

Hand Weapons
 a - a +0 spear of chaos (weapon)
 e - a +0 blowgun
Missiles
 h - 58 arrows
 m - 47 stones (quivered)
 r - 28 poisoned needles
Armour
 b - a +2 leather armour (worn)
 p - a cursed -2 leather armour
Jewellery
 s - a cursed -6 ring of dexterity {unknown}
Scrolls
 d - a scroll of random uselessness
 f - 2 scrolls of identify
 l - a scroll of remove curse {unknown}
 n - a scroll of enchant weapon {unknown}
 o - a scroll of blinking {unknown}
 q - a scroll of fog {unknown}
 t - a scroll of enchant armour {unknown}
Potions
 g - a potion of degeneration
 i - a potion of haste {unknown}
 k - a potion of invisibility {unknown}
Comestibles
 c - 3 bread rations
 j - 2 meat rations
 u - 11 chunks of flesh


   Skills:
 - Level 3.0 Fighting
 + Level 4.8 Polearms
 - Level 1.3 Armour
 - Level 0.6 Dodging


You had 3 spell levels left.
You didn't know any spells.

Dungeon Overview and Level Annotations

Branches:
Dungeon (3/15)

Altars:


Innate Abilities, Weirdness & Mutations

You have hooves in place of feet.
Armour fits poorly on your strangely shaped body.
You cover ground very quickly.
You have extremely tough skin. (AC +3)
You are weak. (Str -2)


Message History

As you read the scroll labeled ICWIZOC ENTA, it crumbles to dust.
It is a scroll of identify.
d - a scroll of random uselessness The small abomination barely misses you.
The small abomination closely misses you.
It was a potion of degeneration.
There was something very wrong with that liquid.
You feel weakened.
You feel dopey.
You feel clumsy. The small abomination hits you.
* * * LOW HITPOINT WARNING * * *
The small abomination hits you.
* * * LOW HITPOINT WARNING * * *
You barely miss the small abomination.
The small abomination is lightly damaged.
The small abomination barely misses you. x2
You barely miss the small abomination.
The small abomination is lightly damaged.
The small abomination hits you!
You die...
Xom guffaws!

##...##
#.....############
#................###
#.....##########....
##...## ##### ##.##
#x# ######## #x#
#....... #@#
#.###### #x# #.# ###
#.# #.# #.. #.# #.#
#.# #.# #)# #.# #.#
#.####.# #.#
#...##.# #.#
###.##.# #.##.#


You could see 3 small abominations.

Vanquished Creatures
  4 adders
  An ooze (D:3)
  A worm (D:2)
  A dart slug (D:1)
  2 leopard geckos (D:1)
  4 orcs (D:3)
  A ball python (D:2)
  A giant cockroach (D:3)
  8 goblins
  7 hobgoblins
  2 jackals (D:3)
  6 kobolds
  2 quokkas
  2 bats
  2 frilled lizards (D:2)
  4 rats
48 creatures vanquished.

Notes
Turn   | Place    | Note
-------+----------+-------------------------------------------
     0 | D:1      | xgamer67 the Centaur Chaos Knight began the quest for the Orb.
     0 | D:1      | Reached XP level 1. HP: 19/19 MP: 1/1
    43 | D:1      | XOM: silly message
    63 | D:1      | Reached skill level 3 in Polearms
    77 | D:1      | XOM: silly message
   119 | D:1      | Reached XP level 2. HP: 26/26 MP: 2/2
   368 | D:1      | XOM: noise
   837 | D:2      | Reached XP level 3. HP: 31/31 MP: 3/3
   877 | D:2      | Reached skill level 4 in Polearms
  1205 | D:2      | Reached XP level 4. HP: 37/38 MP: 4/4
  1364 | D:2      | XOM: harmless Pois miscast
  1417 | D:2      | XOM: give mutation
  1417 | D:2      | Gained mutation: You are weak. (Str -2) [Xom's mischief]
  1673 | D:3      | XOM: cloud trail
  1728 | D:3      | XOM: harmless Pois miscast
  1765 | D:3      | XOM: divination: magic mapping
  1843 | D:3      | XOM: harmless Conj miscast
  1868 | D:3      | XOM: medium Summ miscast
  1869 | D:3      | Noticed a small abomination
  1875 | D:3      | Mangled by a small abomination

Skill      XL: |  1  2  3 |
---------------+----------+-----
Polearms       | 3 4 |  4.8
Fighting       | |  3.0
Armour         | |  1.3
Dodging        | |  0.6

Action                   |  1- 3 |  4- 6 || total
-------------------------+-------+-------++-------
Melee: Spear             |   101 |    52 ||   153
       Kick              |    15 |     9 ||    24
  Use: Potion            |       |     2 ||     2
       Scroll            |       |     1 ||     1
  Eat: Chunk             |       |     2 ||     2
Armor: Leather armour    |    27 |     8 ||    35
Dodge: Dodged            |    32 |    17 ||    49
